AoeStats
← bennnnnnnnnnn

Coastal Forest

510588455Analyzed
2v2 RM · 24h ago on Oct 1, 2026· 15m 34s· 4 players
Game mode
Random Map
Map size
Medium (4 player)
Population
200
Speed
Normal
Resources
Standard
Victory
Conquest
Starting age
Dark Age
Ending age
Imperial Age
RankedLock teamsTeams togetherTeam positionsShared explorationLock speedFull tech treeHidden civsTurbo modeCheats
Victory
Defeat
🇩🇪 Magyars · Germany
1214
+16
1208
+16
🇬🇧 Ethiopians · United Kingdom
1219
-16
🇺🇸 Lithuanians · United States
1216
-16
Tymi-jan_Rowsänbürger
0:26 Loom
10:40 Feudal Age
13:41 Double-Bit Axe
IPQOM
6:07 Loom
7:14 Loom
9:39 Feudal Age
10:12 Double-Bit Axe
12:20 Horse Collar
ageofcardiff
9:52 Loom
11:52 Feudal Age
13:32 Fletching
14:54 Padded Archer Armor
bennnnnnnnnnn
7:17 Loom
10:36 Feudal Age
11:58 Double-Bit Axe
12:20 Fishing Lines
Connection lost

Rejoining the realm…

Still unreachable

The connection could not be restored.

Session expired

The server has moved on; the page needs a fresh start.